 Dungeon Crawl Stone Soup version 0.20.1-1-g8b1a95d (webtiles) character file.

51 Kingsmith the Skirmisher (level 3, -1/44 HPs)
             Began as an Ogre Berserker on Dec 11, 2017.
             Was a Follower of Trog.
             Slain by a jackal (2 damage)
             ... on level 1 of the Dungeon.
             The game lasted 00:01:37 (1045 turns).

Kingsmith the Skirmisher (Ogre Berserker)           Turns: 1045, Time: 00:01:38

Health: -1/44      AC:  3    Str: 21    XL:     3   Next: 81%
Magic:  3/3        EV: 10    Int:  8    God:    Trog [*.....]
Gold:   97         SH:  0    Dex:  9    Spells: 2/2 levels left

rFire    . . .     SeeInvis .   a - +0 mace
rCold    . . .     Gourm    .   (no shield)
rNeg     . . .     Faith    .   b - +0 animal skin
rPois    .         Spirit   .   (helmet restricted)
rElec    .         Reflect  .   (no cloak)
rCorr    .         Harm     .   (gloves unavailable)
MR       .....                  (boots unavailable)
Stlth    +.........             (no amulet)
Regen    0.2/turn               (no ring)
MPRegen  0.1/turn               (no ring)

@: berserk cooldown, slowed, very slow
A: unfitting armour, tough skin 1
a: Berserk, Burn Spellbooks, Renounce Religion


You were on level 1 of the Dungeon.
You worshipped Trog.
Trog was aware of your devotion.
You were very hungry.

You visited 1 branch of the dungeon, and saw 2 of its levels.

You collected 97 gold pieces.

Inventory:

Hand Weapons
 a - a +0 mace (weapon)
Armour
 b - a +0 animal skin (worn)
Jewellery
 h - an uncursed ring of ice {unknown}
 l - a cursed ring of teleportation {unknown}
Scrolls
 e - a scroll of fear {unknown}
 f - 3 scrolls of identify {unknown}
 g - 7 scrolls of remove curse {unknown}
 i - a scroll of magic mapping {unknown}
 k - a scroll of teleportation {unknown}
Potions
 j - a potion of haste {unknown}
Comestibles
 c - 2 bread rations
 d - a royal jelly
 m - a meat ration


   Skills:
 + Level 6.1 Fighting
 - Level 2.6 Maces & Flails
 - Level 2.6 Dodging


You had 2 spell levels left.
You didn't know any spells.

Dungeon Overview and Level Annotations

Branches:
Dungeon (2/15)

Altars:


Innate Abilities, Weirdness & Mutations

You are too large for most types of armour.
You have tough skin. (AC +1)


Message History

The jackal bites you.
* * * LOW HITPOINT WARNING * * *
The goblin hits you with a dagger.
* * * LOW HITPOINT WARNING * * *
The jackal bites you.
* * * LOW HITPOINT WARNING * * *
There is a stone staircase leading up here.
The jackal closely misses you.
The jackal bites you but does no damage.
The jackal misses you. The goblin hits you but does no damage.
The jackal bites you.
* * * LOW HITPOINT WARNING * * *
You climb upwards.
There is a stone staircase leading down here.
Okay, then.
You thump the goblin!
You kill the goblin!
Trog accepts your kill. The jackal bites you.
You die...

#.........................###.##
#.............)..............###
#.............)......##.........
#............##########...#..#.#
#............# #...#.....
#............############.#.#...
#..........####.................
#..........# #...........#.#.#.
#..........# #@)...............
#..........# #hh.........#.#.##
#..........# #...........###.#
#..........# #...........# #.#
#########'#####...........# #.#
#.....'...........# #.#
##...##...........# #.#
#...##...........# #.#
#...##...........# #.#


You could see 2 jackals.

Vanquished Creatures
  Robin (D:2)
  2 dart slugs (D:1)
  A leopard gecko (D:1)
  2 giant cockroaches (D:1)
  9 goblins
  6 hobgoblins
  4 kobolds (D:1)
  A ball python (D:1)
  2 bats (D:1)
  3 frilled lizards (D:1)
  2 rats (D:1)
33 creatures vanquished.

Notes
Turn   | Place    | Note
-------+----------+-------------------------------------------
     0 | D:1      | Kingsmith the Ogre Berserker began the quest for the Orb.
     0 | D:1      | Reached XP level 1. HP: 24/24 MP: 1/1
   132 | D:1      | Reached XP level 2. HP: 27/33 MP: 2/2
   231 | D:1      | Reached skill level 5 in Fighting
   544 | D:1      | Reached XP level 3. HP: 36/42 MP: 3/3
  1020 | D:2      | Noticed Robin
  1034 | D:2      | Killed Robin
  1034 | D:2      | Reached skill level 6 in Fighting
  1042 | D:2      | HP: 2/44 [goblin/dagger[Robin] (3)]
  1045 | D:1      | Slain by a jackal

Skill      XL: |  1  2  3 |
---------------+----------+-----
Fighting       | 5 6 |  6.1
Maces & Flails | |  2.6
Dodging        | |  2.6

Action                   || total
-------------------------++-------
Melee: Mace              ||    99
Invok: Berserk           ||     1
Armor: Animal skin       ||    41
Dodge: Dodged            ||    76
